[Event "Titled Tuesday Blitz October 11 Late 2022"]
[White "Iliaguev, Nisim"]
[Black "Indjic, Aleksandar"]
[WhiteFideId "2817276"]
[BlackFideId "911925"]
[WhiteElo "2264"]
[BlackElo "2592"]
[Result "1/2-1/2"]
[Round "08"]
[TimeControl "180+1"]
[Date "2022.10.11"]
[WhiteClock "0:00:09"]
[BlackClock "0:00:08"]

1. d4 Nf6 2. Nf3 e6 3. g3 c5 4. Bg2 cxd4 5. O-O d5 6. Nxd4 e5 7. Nb3 Nc6 8. c4 d4 9. e3 Be7 10. exd4 exd4 11. N1d2 Be6 12. Re1 O-O 13. Nf3 d3 14. Nbd2 Bc5 15. Nb3 Bb4 16. Bd2 Bxc4 17. Rc1 Bd5 18. Nc5 Qb6 19. Nxd3 Bxd2 20. Qxd2 Rad8 21. Qe3 Bxa2 22. Qxb6 axb6 23. Nf4 Nd5 24. Ne5 Nxf4 25. gxf4 Bd5 26. Nxc6 bxc6 27. Bxd5 Rxd5 28. Rxc6 Rb5 29. Re2 g6 30. Kg2 Ra8 31. Kg3 Kg7 32. f3 Ra2 33. Rcc2 h5 34. h4 Ra4 35. Rc7 Rf5 36. Re4 Raa5 37. Rb4 Rab5 38. Rcc4 Rxb4 39. Rxb4 b5 40. Kf2 Rc5 41. Ke3 Kf6 42. Kd4 Rf5 43. Ke4 Ke6 44. Rd4 Rc5 45. Rd8 Rc4+ 46. Ke3 Rb4 47. Rd2 Kf5 48. Rd5+ Ke6 49. Rd2 f6 50. Rc2 Rb3+ 51. Ke4 f5+ 52. Kd4 Rxf3 53. Rc6+ Kf7 54. Rc7+ Kf6 55. Rc6+ Kg7 56. Rc7+ Kh6 57. Ke5 Re3+ 58. Kf6 Rd3 59. Rc8 Rd6+ 60. Kf7 Rd7+ 61. Kf6 Kh7 62. Rb8 Rd6+ 63. Ke5 Rd2 64. Rxb5 Rh2 65. Kf6 Rxh4 66. Rb7+ Kh6 67. Rb8 Kh7 68. Rb7+ Kh6 69. Rb8 Kh7 70. Rb7+ 1/2-1/2


[Site "https://www.chess.com"]

[Event "Titled Tuesday Blitz October 11 Late 2022"]
[White "Ismagilov, Damir"]
[Black "Taboas Rodriguez, Daniel"]
[WhiteFideId "34199982"]
[BlackFideId "2208466"]
[WhiteElo "2673"]
[BlackElo "2527"]
[Result "0-1"]
[Round "08"]
[TimeControl "180+1"]
[Date "2022.10.12"]
[WhiteClock "0:00:04"]
[BlackClock "0:00:13"]

1. e4 e5 2. Nf3 Nc6 3. Bb5 Nf6 4. d3 d6 5. c3 Bd7 6. O-O g6 7. Re1 Bg7 8. h3 O-O 9. Nbd2 Nh5 10. Nf1 Qe8 11. d4 Nxd4 12. cxd4 Bxb5 13. dxe5 dxe5 14. Qc2 Bc6 15. Be3 Qe6 16. b4 Rfd8 17. a4 a6 18. Red1 Qe8 19. N1d2 Nf4 20. Nc4 Rxd1+ 21. Qxd1 Rd8 22. Qc2 f5 23. Nfd2 Ne2+ 24. Kh1 f4 25. Bc5 b6 26. Nxb6 cxb6 27. Bxb6 Nd4 28. Qc4+ Kh8 29. Bxd8 Qxd8 30. Qxa6 h5 31. Rc1 Qh4 32. Kg1 f3 33. Rxc6 Qg5 34. Rxg6 Qxd2 35. Qc8+ Kh7 36. Qe8 Ne2+ 37. Kh2 Nf4 38. g3 Nxg6 0-1


[Site "https://www.chess.com"]

[Event "Titled Tuesday Blitz October 11 Late 2022"]
[White "Izuzquiza Gonzalez, Javier"]
[Black "Rodriguez Santiago, Jaime"]
[WhiteFideId "3101029"]
[BlackFideId "3100898"]
[WhiteElo "2034"]
[BlackElo "2025"]
[Result "0-1"]
[Round "08"]
[TimeControl "180+1"]
[Date "2022.10.12"]
[WhiteClock "0:00:44"]
[BlackClock "0:01:21"]

1. d4 g6 2. c4 Bg7 3. Nf3 c5 4. d5 d6 5. g3 e6 6. Bg2 Ne7 7. Nc3 O-O 8. O-O a6 9. a4 exd5 10. cxd5 Bg4 11. Nd2 b6 12. Nc4 Bc8 13. Bf4 Nf5 14. e4 g5 15. exf5 gxf4 16. Qg4 Nd7 17. Nxd6 Ne5 18. Qh4 Qxd6 19. gxf4 Nd3 20. Ne4 Qxf4 21. Nf6+ Bxf6 22. Qxf6 Qxf5 23. Qc6 Bd7 24. Qd6 Nf4 25. Bf3 Nh3+ 26. Kg2 Kh8 0-1


[Site "https://www.chess.com"]

[Event "Titled Tuesday Blitz October 11 Late 2022"]
[White "Jean Louis, Marckens"]
[Black "Sargsyan, Anna M."]
[WhiteFideId "11900270"]
[BlackFideId "13308130"]
[WhiteElo "2346"]
[BlackElo "2615"]
[Result "1-0"]
[Round "08"]
[TimeControl "180+1"]
[Date "2022.10.12"]
[WhiteClock "0:00:29"]
[BlackClock "0:00:16"]

1. d4 d5 2. c4 c6 3. Nc3 Nf6 4. Nf3 dxc4 5. Bg5 Nd5 6. e4 Nxc3 7. bxc3 Qa5 8. Bd2 b5 9. a4 Qc7 10. Be2 e6 11. O-O Be7 12. d5 exd5 13. exd5 cxd5 14. axb5 O-O 15. Nd4 Nd7 16. Bg4 Ne5 17. Bxc8 Rfxc8 18. Ra6 Nd3 19. Qh5 Bc5 20. Qxd5 Bxd4 21. Qxd4 Rd8 22. Qh4 Nc5 23. Rc6 Qe5 24. Be3 Ne4 25. Bd4 Qd5 26. Re1 Re8 27. f3 Qxb5 28. Rc7 Ng5 29. Rc5 Rxe1+ 30. Qxe1 Nxf3+ 31. gxf3 Qb7 32. Qe5 f6 33. Qd5+ Qxd5 34. Rxd5 a5 35. Bc5 a4 36. Ba3 Rb8 37. Bb4 Ra8 38. Rd2 Re8 39. Kf2 Kf7 40. Ra2 Ra8 41. Ke3 Ke6 42. Kd4 Kf5 43. Kxc4 Kf4 44. Kd5 Kxf3 45. c4 f5 46. c5 f4 47. c6 Ke3 48. Bc5+ Kd3 49. c7 f3 50. Ba7 Rc8 51. Kc6 g5 52. Rxa4 h5 53. h3 Ke2 54. Kd7 Rxc7+ 55. Kxc7 Ke1 56. Kd6 Kf1 57. Ke5 Kg2 58. Kf5 1-0


[Site "https://www.chess.com"]

[Event "Titled Tuesday Blitz October 11 Late 2022"]
[White "Jensen, Matthew R"]
[Black "Vega Gutierrez, Sabrina"]
[WhiteFideId "2018110"]
[BlackFideId "2219026"]
[WhiteElo "2313"]
[BlackElo "2261"]
[Result "0-1"]
[Round "08"]
[TimeControl "180+1"]
[Date "2022.10.12"]
[WhiteClock "0:00:08"]
[BlackClock "0:00:08"]

1. d4 d5 2. c4 e6 3. g3 c6 4. b3 Nf6 5. Nf3 Be7 6. Bg2 O-O 7. O-O b6 8. Nbd2 c5 9. Bb2 Bb7 10. Re1 Nc6 11. Rc1 Rc8 12. e3 cxd4 13. Nxd4 Nxd4 14. Bxd4 Bb4 15. Re2 Qe7 16. Nf3 Ne4 17. Rec2 Ba3 18. Rb1 dxc4 19. Rxc4 Rxc4 20. bxc4 Rc8 21. Qd3 f6 22. Nh4 f5 23. Nf3 Bc5 24. Ne5 Rd8 25. Rd1 Ng5 26. Qf1 Bxd4 27. exd4 Bxg2 28. Qxg2 Ne4 29. f3 Nc3 30. Nc6 Qd6 31. Nxd8 Nxd1 32. Qd2 Qxd8 33. Qxd1 Qc7 34. Qd3 Qd6 35. Kg2 Kf7 36. h4 g6 37. h5 Qb4 38. hxg6+ hxg6 39. Qc2 Qd6 40. Qd3 a6 41. Qc2 Qxd4 42. Qb3 Kf6 43. Qa4 Qd2+ 44. Kh3 Qe1 45. Kg2 Qe2+ 46. Kh3 Qxf3 47. Kh2 Qf2+ 48. Kh3 Qf1+ 49. Kh2 Qe2+ 50. Kg1 Kg5 51. Qe8 Kg4 52. Qxg6+ Kf3 53. Qh5+ Ke3 54. Qg5+ Kd3 55. Qf4 Qe3+ 56. Qxe3+ Kxe3 57. Kg2 Kd4 58. Kf3 Kxc4 59. Kf4 Kd5 60. a3 b5 61. Ke3 a5 62. Kf4 b4 63. axb4 axb4 64. Ke3 b3 65. Kd3 b2 66. Kc2 Ke4 67. Kxb2 Kf3 68. Kc3 Kxg3 69. Kd4 f4 0-1


[Site "https://www.chess.com"]

[Event "Titled Tuesday Blitz October 11 Late 2022"]
[White "Jobava, Baadur"]
[Black "Nakamura, Hikaru"]
[WhiteFideId "13601520"]
[BlackFideId "2016192"]
[WhiteElo "2582"]
[BlackElo "2909"]
[Result "1/2-1/2"]
[Round "08"]
[TimeControl "180+1"]
[Date "2022.10.11"]
[WhiteClock "0:00:31"]
[BlackClock "0:00:14"]

1. b3 c5 2. Bb2 d6 3. e3 Nf6 4. Nf3 e5 5. Bb5+ Nbd7 6. d3 Qa5+ 7. Nc3 a6 8. Bxd7+ Bxd7 9. O-O Rc8 10. a4 Be7 11. e4 Qc7 12. a5 O-O 13. Nd2 Bc6 14. Nc4 Rcd8 15. Re1 Rfe8 16. h3 Bf8 17. Nb6 g6 18. Bc1 h6 19. Qf3 Qe7 20. g4 Nh7 21. Ncd5 Qh4 22. Kg2 Bg7 23. Qg3 Qxg3+ 24. fxg3 f5 25. gxf5 gxf5 26. c4 fxe4 27. dxe4 Rf8 28. Ra2 Nf6 29. Rf2 Nxd5 30. Rxf8+ Rxf8 31. cxd5 Bb5 32. Nc4 Rf6 33. Rf1 Rxf1 34. Kxf1 Kf7 35. Kf2 Bxc4 36. bxc4 Kg6 37. Kf3 Bf6 38. Bd2 Bd8 39. g4 h5 40. Be1 Be7 41. Bd2 Bd8 42. Be1 Bf6 43. Bd2 Bh4 44. Bc3 Bg5 45. Be1 Bd8 46. Bc3 Bg5 47. Be1 Bd8 48. Bc3 Bg5 1/2-1/2


[Site "https://www.chess.com"]

[Event "Titled Tuesday Blitz October 11 Late 2022"]
[White "Jorquera, Marcelo"]
[Black "Prieto Aranguren, Alain"]
[WhiteFideId "3401197"]
[BlackFideId "2268906"]
[WhiteElo "2136"]
[BlackElo "2209"]
[Result "1/2-1/2"]
[Round "08"]
[TimeControl "180+1"]
[Date "2022.10.12"]
[WhiteClock "0:00:12"]
[BlackClock "0:00:05"]

1. e4 e5 2. Nc3 c6 3. d4 Qh4 4. Nf3 Qg4 5. Nxe5 Qxd1+ 6. Nxd1 Nf6 7. f3 d5 8. exd5 Nxd5 9. c3 Nd7 10. Nxd7 Bxd7 11. Ne3 Bd6 12. Nxd5 cxd5 13. Kf2 h5 14. h4 f6 15. Bd3 Kf7 16. Bd2 b6 17. g3 b5 18. Bf4 Bxf4 19. gxf4 Rab8 20. Rhg1 f5 21. Rae1 g6 22. Re5 Bc6 23. Rge1 Rhe8 24. Rxe8 Rxe8 25. Re5 Rc8 26. Bc2 a5 27. Bb3 a4 28. Bxd5+ Bxd5 29. Rxd5 a3 30. bxa3 Rxc3 31. Rxb5 Rxa3 32. Rb2 Ke6 33. Rb6+ Kf7 34. d5 Rxa2+ 35. Ke3 Ra3+ 36. Kd4 Rxf3 37. Ke5 Re3+ 38. Kd6 Re4 39. Rb7+ Kf6 40. Kc6 Rxf4 41. d6 Rxh4 42. Re7 Rd4 43. Kc5 Rd2 44. Re8 h4 45. Rh8 g5 46. Kc6 f4 47. d7 Kf5 48. Rh6 Rxd7 49. Kxd7 f3 50. Ke7 f2 51. Rf6+ Kg4 52. Rxf2 Kg3 53. Rf5 g4 54. Kf6 h3 55. Rh5 h2 56. Kg5 Kg2 57. Kxg4 h1=Q 58. Rxh1 Kxh1 1/2-1/2


[Site "https://www.chess.com"]

[Event "Titled Tuesday Blitz October 11 Late 2022"]
[White "Joubert, Dantelle"]
[Black "Yano, William Jorge Froes"]
[WhiteFideId "14310813"]
[BlackFideId "2112949"]
[WhiteElo "1507"]
[BlackElo "2122"]
[Result "0-1"]
[Round "08"]
[TimeControl "180+1"]
[Date "2022.10.12"]
[WhiteClock "0:00:02"]
[BlackClock "0:00:09"]

1. d4 Nf6 2. c4 c5 3. d5 b5 4. cxb5 a6 5. bxa6 g6 6. Nc3 Bxa6 7. e4 Bxf1 8. Kxf1 d6 9. g3 Bg7 10. Kg2 O-O 11. Nf3 Ne8 12. a4 Nc7 13. Re1 Nd7 14. Ra3 Qb8 15. Qc2 Qa7 16. Bf4 Rfb8 17. e5 Nb6 18. exd6 exd6 19. a5 Nc4 20. Ra2 Qa6 21. Re7 Nb5 22. Nxb5 Qxb5 23. Ng5 Rf8 24. Re4 Ne5 25. Bxe5 Bxe5 26. Rea4 Ra6 27. Ne4 Rfa8 28. f4 Bg7 29. Qc4 Qb7 30. b4 f5 31. Nxc5 dxc5 32. bxc5 Bf8 33. c6 Qf7 34. Rd2 Bd6 35. c7 Qxc7 36. Qxc7 Bxc7 37. Rc4 Bd6 38. Rc6 Rxc6 39. dxc6 Bc7 40. Rd7 Bxa5 41. c7 Rc8 42. Rd5 Bxc7 43. Rc5 Kf8 44. h3 Ke7 45. g4 Kd7 46. gxf5 gxf5 47. Rxf5 Re8 48. Kf3 Re7 49. Rh5 Rf7 50. Rh4 Ke7 51. Ke4 Kf6 52. Rh6+ Kg7 53. Rh4 Kg6 54. Rg4+ Kh5 55. Rg5+ Kh4 56. Rf5 Rxf5 57. Kxf5 h5 58. Ke4 Kxh3 59. Kf3 Bd8 60. f5 Bf6 61. Kf2 Kh2 62. Kf3 h4 63. Kf2 h3 64. Kf1 Bd4 65. f6 Bxf6 66. Kf2 Bd4+ 67. Kf1 Kg3 68. Ke2 h2 0-1


[Site "https://www.chess.com"]

[Event "Titled Tuesday Blitz October 11 Late 2022"]
[White "Kamsky, Gata"]
[Black "Erdogdu, Mert"]
[WhiteFideId "2000024"]
[BlackFideId "6301495"]
[WhiteElo "2666"]
[BlackElo "2413"]
[Result "1-0"]
[Round "08"]
[TimeControl "180+1"]
[Date "2022.10.11"]
[WhiteClock "0:00:29"]
[BlackClock "0:00:16"]

1. d4 Nf6 2. Bf4 g6 3. c3 Bg7 4. Nf3 d6 5. h3 O-O 6. Nbd2 c5 7. dxc5 dxc5 8. e4 Nc6 9. Be2 b6 10. O-O Bb7 11. Re1 Qc8 12. Bf1 Rd8 13. Qc2 Nd7 14. e5 Nf8 15. Ne4 Qf5 16. Bg3 Nxe5 17. Nh4 Qc8 18. f4 Nc6 19. Qf2 Nd7 20. f5 Nf6 21. Ng5 Qd7 22. Bc4 Rf8 23. Rad1 Qe8 24. fxg6 hxg6 25. Nxg6 e6 26. Nxf8 Qxf8 27. Bd6 Qe8 28. Nxe6 fxe6 29. Rxe6 Qf7 30. Bb3 Kh8 31. Re7 Qxe7 32. Qh4+ Nh7 33. Bxe7 Nxe7 34. Qxe7 Ba6 35. Rd7 Rg8 36. Bxg8 1-0


[Site "https://www.chess.com"]

[Event "Titled Tuesday Blitz October 11 Late 2022"]
[White "Kanter, Eduard"]
[Black "Baltaci, Ismail Tarik"]
[WhiteFideId "4103963"]
[BlackFideId "6365213"]
[WhiteElo "2267"]
[BlackElo "2360"]
[Result "0-1"]
[Round "08"]
[TimeControl "180+1"]
[Date "2022.10.12"]
[WhiteClock "0:00:20"]
[BlackClock "0:00:52"]

1. d4 Nf6 2. c4 g6 3. Nc3 Bg7 4. e4 d6 5. Be2 O-O 6. Nf3 e5 7. Be3 exd4 8. Nxd4 Nc6 9. O-O Re8 10. f3 Nh5 11. Nxc6 bxc6 12. Qd2 a5 13. Rad1 Qe7 14. c5 dxc5 15. Na4 Bd4 16. Bxd4 cxd4 17. Qxd4 Nf4 18. Rfe1 Qg5 19. Bf1 Ba6 20. g3 Bxf1 21. Kxf1 Qb5+ 22. Kf2 Ne6 23. Nc3 Nxd4 24. Nxb5 Nxb5 25. a4 Nd6 26. Rc1 Rab8 27. Re2 Rb6 28. Rc5 Reb8 29. Rxa5 Rxb2 30. Rc5 Rxe2+ 31. Kxe2 Rb6 32. Kd3 Kf8 33. e5 Nb7 34. Rc2 Ra6 35. Rc4 Rxa4 36. Rxc6 Nd8 37. Rxc7 Ne6 38. f4 Ra2 39. Ke4 Nxc7 0-1


[Site "https://www.chess.com"]

[Event "Titled Tuesday Blitz October 11 Late 2022"]
[White "Kavutskiy, Konstantin"]
[Black "Thiel, Thomas"]
[WhiteFideId "2026384"]
[BlackFideId "4615964"]
[WhiteElo "2338"]
[BlackElo "2290"]
[Result "1-0"]
[Round "08"]
[TimeControl "180+1"]
[Date "2022.10.12"]
[WhiteClock "0:01:14"]
[BlackClock "0:00:20"]

1. d4 Nf6 2. c4 g6 3. Nc3 d5 4. cxd5 Nxd5 5. e4 Nxc3 6. bxc3 Bg7 7. Nf3 c5 8. Be3 Qa5 9. Qd2 Nc6 10. Rb1 a6 11. Rc1 cxd4 12. cxd4 Qxd2+ 13. Kxd2 O-O 14. d5 Rd8 15. Ke1 Nb4 16. a3 Na2 17. Rc7 e6 18. Bc4 Nc3 19. Ng5 exd5 20. exd5 Nxd5 21. Nxf7 Nxc7 22. Nxd8+ Kh8 23. Ke2 b5 24. Bb3 Bf6 25. Nf7+ Kg7 26. Bh6+ Kg8 27. Nd6+ Be6 28. Bxe6+ Nxe6 29. Ne4 Bg7 30. Bxg7 Kxg7 31. Rd1 Rd8 32. Nd6 Kf6 33. g3 Ke5 34. Nf7+ 1-0


[Site "https://www.chess.com"]

[Event "Titled Tuesday Blitz October 11 Late 2022"]
[White "Korchmar, Vasiliy"]
[Black "Girsh, Daniel"]
[WhiteFideId "24131750"]
[BlackFideId "30949190"]
[WhiteElo "2627"]
[BlackElo "2458"]
[Result "1-0"]
[Round "08"]
[TimeControl "180+1"]
[Date "2022.10.12"]
[WhiteClock "0:01:32"]
[BlackClock "0:02:05"]

1. e4 c5 2. Nf3 d6 3. d4 cxd4 4. Nxd4 Nf6 5. Nc3 a6 6. Be2 e5 7. Nb3 Be7 8. O-O O-O 9. Be3 Be6 10. Nd5 Bxd5 11. exd5 Nbd7 12. Qd2 Ne4 13. Qd3 f5 14. f3 Nec5 15. Nxc5 Nxc5 16. Bxc5 dxc5 17. c4 Bd6 18. Qc2 Qh4 19. g3 Qh6 20. Bd3 g6 21. Rae1 Rae8 22. Qb3 Re7 23. Qb6 g5 24. b4 Rc8 25. Bxf5 Rcc7 26. Be6+ Rxe6 27. dxe6 Qxe6 28. Rd1 1-0


[Site "https://www.chess.com"]

[Event "Titled Tuesday Blitz October 11 Late 2022"]
[White "Kostiukov, Alexandr"]
[Black "Remolar Gallen, Jose"]
[WhiteFideId "14108100"]
[BlackFideId "2215187"]
[WhiteElo "2202"]
[BlackElo "2214"]
[Result "0-1"]
[Round "08"]
[TimeControl "180+1"]
[Date "2022.10.12"]
[WhiteClock "0:00:08"]
[BlackClock "0:00:04"]

1. g3 g6 2. Bg2 Bg7 3. Nf3 Nf6 4. c4 O-O 5. d4 d6 6. O-O Nc6 7. Nc3 a6 8. h3 Bd7 9. Bf4 h6 10. g4 g5 11. Bg3 Rb8 12. e4 b5 13. e5 Ne8 14. cxb5 axb5 15. Qe2 b4 16. Ne4 f5 17. gxf5 Bxf5 18. Rac1 Rb6 19. e6 Nxd4 20. Nxd4 Bxd4 21. Rfd1 c5 22. Qh5 Kg7 23. Rxd4 cxd4 24. Nxg5 Bg6 25. Qh4 hxg5 26. Qxg5 Rf5 27. Qg4 Nf6 28. Qxd4 Rbb5 29. Be4 Rfc5 30. Re1 Qh8 31. Kh2 Bxe4 32. Rxe4 Rh5 33. Rg4+ Rbg5 34. Rf4 Rxh3+ 35. Kg2 Rh2+ 36. Kf3 Qh5+ 37. Ke3 Re5+ 38. Kd2 Rh1 39. Qxb4 Qd1+ 40. Kc3 Qc1+ 41. Kb3 Qd1+ 42. Ka3 Qd5 43. Rd4 Qa8+ 44. Kb3 Rhh5 45. Bxe5 Rxe5 46. a4 Qf3+ 47. Ka2 Qxf2 48. Rd2 Re2 49. Rxe2 Qxe2 50. a5 Qxe6+ 51. b3 Qe2+ 52. Ka3 Ne4 53. Qd4+ e5 54. Qd5 Kf6 55. Ka4 Nc3+ 0-1


[Site "https://www.chess.com"]

[Event "Titled Tuesday Blitz October 11 Late 2022"]
[White "Koziorowicz, Michal"]
[Black "Donchenko, Alexander"]
[WhiteFideId "21809194"]
[BlackFideId "24603295"]
[WhiteElo "2220"]
[BlackElo "2572"]
[Result "1/2-1/2"]
[Round "08"]
[TimeControl "180+1"]
[Date "2022.10.11"]
[WhiteClock "0:00:11"]
[BlackClock "0:00:13"]

1. e4 c6 2. d4 d5 3. e5 Bf5 4. h4 h5 5. c4 e6 6. Nc3 Nd7 7. Nge2 dxc4 8. Ng3 Bg6 9. Bxc4 b5 10. Bb3 b4 11. Nce4 Nh6 12. Be3 Nf5 13. Nxf5 Bxf5 14. Qf3 Be7 15. Rc1 Rc8 16. Bg5 Bxe4 17. Qxe4 Bxg5 18. hxg5 Qxg5 19. Rxc6 O-O 20. O-O Nb6 21. Rxc8 Rxc8 22. Qb7 Rc1 23. Qb8+ Kh7 24. Qxa7 Rxf1+ 25. Kxf1 Qc1+ 26. Ke2 Qxb2+ 27. Kf1 Qa1+ 28. Ke2 Qxd4 29. Qxf7 Qxe5+ 30. Kf1 Qa1+ 31. Ke2 Qb2+ 32. Kf1 Qb1+ 33. Ke2 Qe4+ 34. Kf1 Qd3+ 35. Kg1 Qf5 36. Qxe6 Qxe6 37. Bxe6 Kg6 38. f3 Kf6 39. Bb3 Ke5 40. Kf2 h4 41. Ke3 g5 42. Kf2 Kf4 43. Bf7 Nd7 44. Bg8 Nc5 45. Bb3 Nd3+ 46. Ke2 Nc1+ 47. Kf2 Nd3+ 48. Ke2 Ne5 49. Kf2 Nc6 50. Bd5 Nd4 51. Bb3 Nb5 52. Bc4 Nc3 53. Bb3 g4 54. fxg4 Ne4+ 55. Kg1 Kxg4 56. Kh2 Ng5 57. Bc4 Kf4 58. Bb3 Ke3 59. g3 Nf3+ 60. Kh3 hxg3 61. Kxg3 Nd2 62. Bg8 Ne4+ 63. Kg2 Kd2 64. Kf3 Nc3 65. Bb3 Kc1 66. Ke3 Kb2 67. Kd2 Nxa2 68. Bc2 Nc3 69. Bh7 Nb1+ 70. Kd1 Na3 71. Bg8 Nb5 72. Kd2 Nd4 73. Bf7 Nf3+ 74. Kd1 Ne5 75. Bg8 Kc3 76. Kc1 Nd3+ 77. Kb1 Nc5 78. Bh7 Nb3 79. Bg8 Nc5 80. Ka2 Nd3 81. Bf7 Ne5 82. Bg8 Nc6 83. Bf7 Nd4 84. Bg8 Ne2 85. Bf7 Nc1+ 86. Kb1 Nd3 87. Ka2 Ne5 88. Bg8 Nc4 89. Bxc4 Kxc4 90. Kb2 b3 91. Kb1 Kc3 92. Kc1 Kb4 93. Kb2 Ka4 94. Kb1 Ka3 95. Ka1 b2+ 96. Kb1 Kb3 1/2-1/2


[Site "https://www.chess.com"]

[Event "Titled Tuesday Blitz October 11 Late 2022"]
[White "Krzywda, Andrzej"]
[Black "Kaganskiy, Gleb"]
[WhiteFideId "1114565"]
[BlackFideId "4132025"]
[WhiteElo "2149"]
[BlackElo "2165"]
[Result "1/2-1/2"]
[Round "08"]
[TimeControl "180+1"]
[Date "2022.10.12"]
[WhiteClock "0:00:11"]
[BlackClock "0:00:10"]

1. d4 d5 2. Nf3 Nf6 3. c4 e6 4. e3 c5 5. Nc3 a6 6. cxd5 exd5 7. dxc5 Bxc5 8. Be2 O-O 9. O-O Ba7 10. b3 Nc6 11. Bb2 d4 12. exd4 Nxd4 13. Nxd4 Bxd4 14. Bf3 Rb8 15. Na4 Bxb2 16. Nxb2 Be6 17. Rc1 Bd5 18. Nc4 Bxc4 19. Rxc4 b5 20. Rd4 Qc7 21. Qd2 Rfd8 22. Rd1 Rxd4 23. Qxd4 h6 24. Qd6 Qxd6 25. Rxd6 Rc8 26. g3 a5 27. Ra6 Rc3 28. Kg2 a4 29. bxa4 b4 30. Rb6 Ra3 31. Rxb4 Rxa2 32. h4 h5 33. Rb8+ Kh7 34. Ra8 Ng4 35. Bxg4 hxg4 36. Ra6 g6 37. Ra5 Kg7 38. Kf1 Kg8 39. Ke1 Kg7 40. Ra7 Kf6 41. Ra5 Kg7 42. Ra8 Kf6 43. a5 Kg7 44. a6 Kf6 45. Kf1 Kg7 46. Kg2 Kf6 47. Ra7 Kg7 48. Kf1 Kf6 49. Ke1 Kg7 50. Ra8 Kf6 51. a7 Kg7 52. Kd1 Kf6 53. Kc1 Kg7 54. Kb1 Ra6 55. Kb2 Ra5 56. Kb3 Ra6 57. Kb4 Ra1 58. Kb5 Ra2 59. Kb6 Rb2+ 60. Kc7 Rc2+ 61. Kb6 Rb2+ 62. Kc5 Rc2+ 63. Kd6 Rd2+ 64. Ke5 Ra2 65. Kf4 Ra4+ 66. Ke3 Ra3+ 67. Kd2 Ra2+ 68. Kc3 Ra6 69. Kb4 Ra1 70. Kc5 Rc1+ 71. Kb6 Rb1+ 72. Kc7 Ra1 73. Kb7 Rb1+ 74. Kc8 Ra1 75. Kd7 Ra2 76. Ke7 Re2+ 77. Kd6 Rd2+ 78. Ke5 Ra2 79. Kd4 Rd2+ 80. Ke3 Ra2 81. Kf4 Ra4+ 82. Ke3 Ra3+ 83. Ke2 Ra2+ 84. Ke3 Ra3+ 1/2-1/2


[Site "https://www.chess.com"]

[Event "Titled Tuesday Blitz October 11 Late 2022"]
[White "Lazavik, Denis"]
[Black "Svane, Rasmus"]
[WhiteFideId "13515110"]
[BlackFideId "4657101"]
[WhiteElo "2437"]
[BlackElo "2674"]
[Result "1/2-1/2"]
[Round "08"]
[TimeControl "180+1"]
[Date "2022.10.11"]
[WhiteClock "0:00:07"]
[BlackClock "0:00:13"]

1. d4 Nf6 2. c4 e6 3. Nf3 d5 4. g3 Be7 5. Bg2 O-O 6. O-O dxc4 7. Qc2 a6 8. a4 Bd7 9. Qxc4 Bc6 10. Bg5 Nbd7 11. Nc3 h6 12. Bxf6 Nxf6 13. Rfd1 a5 14. Ne5 Bxg2 15. Kxg2 c6 16. e3 Nd7 17. Nf3 Qb6 18. Qe2 Rfd8 19. h4 Rac8 20. Rac1 Nf6 21. Ne5 Nd7 22. Nd3 Nf6 23. Qc2 Nd5 24. Ne4 Nb4 25. Qb3 Qc7 26. Ne5 Bd6 27. Nf3 Bf8 28. Qc4 b6 29. Qe2 Qb7 30. Nc3 c5 31. Kg1 cxd4 32. Nxd4 Rd7 33. Qf3 Qxf3 34. Nxf3 Rdc7 35. Kf1 Be7 36. Nd4 Bf6 37. Ndb5 Rc5 38. Nd6 R8c7 39. Nde4 R5c6 40. Nxf6+ gxf6 41. Rb1 f5 42. Ke2 Kg7 43. Rd2 Na6 44. Nb5 Re7 45. Rbd1 Nc7 46. Rd6 Rc2+ 47. R1d2 Rxd2+ 48. Kxd2 Nxb5 49. axb5 Rb7 50. Kd3 Kf6 51. Kd4 Ke7 52. Rc6 Kf6 53. e4 fxe4 54. Kxe4 Rd7 55. Ke3 Rb7 56. g4 Kg6 57. f4 Kf6 58. h5 Ke7 59. g5 Kf8 60. Ke4 Kg7 61. Ke5 hxg5 62. fxg5 Rd7 63. Rxb6 Rd5+ 64. Kf4 Rd4+ 65. Kf3 Rb4 66. Rb7 Kg8 67. g6 fxg6 68. hxg6 a4 69. b6 Rxb2 70. Kf4 a3 71. Kg5 a2 72. Ra7 Rxb6 73. Ra8+ Kg7 74. Ra7+ Kg8 75. Rxa2 Rb8 76. Ra7 e5 77. Re7 e4 78. Rxe4 Kg7 79. Re7+ Kg8 80. Kf6 Rb6+ 81. Re6 Rb8 82. Kg5 Rc8 83. Rf6 Rb8 84. Kh6 Rc8 85. g7 Rb8 86. Rf8+ Rxf8 87. gxf8=Q+ Kxf8 1/2-1/2


[Site "https://www.chess.com"]

[Event "Titled Tuesday Blitz October 11 Late 2022"]
[White "Le Goff, Ronan"]
[Black "Mirzoev, Azer"]
[WhiteFideId "612073"]
[BlackFideId "13400304"]
[WhiteElo "2510"]
[BlackElo "2645"]
[Result "0-1"]
[Round "08"]
[TimeControl "180+1"]
[Date "2022.10.12"]
[WhiteClock "0:00:02"]
[BlackClock "0:00:24"]

1. d4 d5 2. Nf3 Bf5 3. Nh4 Bg4 4. Qd3 e6 5. g3 Nd7 6. Bg2 Be7 7. Nf3 Ngf6 8. Ne5 Nxe5 9. dxe5 Nd7 10. f4 Bf5 11. Qd2 Nc5 12. Nc3 h5 13. h3 Qd7 14. e3 f6 15. b4 Na4 16. a3 fxe5 17. fxe5 O-O-O 18. O-O Nxc3 19. Qxc3 Kb8 20. Bb2 c5 21. Rf2 Qb5 22. Bf1 Qb6 23. b5 c4 24. Qd2 Qxb5 25. Bd4 Qc6 26. Rb1 Bc5 27. Qc3 Rhf8 28. Bg2 Bxd4 29. exd4 Bg6 30. Rxf8 Rxf8 31. Qb4 Rf7 32. a4 Bxc2 33. Rb2 Bd3 34. a5 a6 35. Rd2 Ka7 36. Kh2 g5 37. Qc3 h4 38. gxh4 gxh4 39. Rb2 Qc7 40. Rb6 Rf2 41. Rxe6 Qg7 0-1


[Site "https://www.chess.com"]

[Event "Titled Tuesday Blitz October 11 Late 2022"]
[White "Leiva, Gianmarco"]
[Black "Ballester Llagaria, Luis Eduardo"]
[WhiteFideId "3804399"]
[BlackFideId "2297620"]
[WhiteElo "2285"]
[BlackElo "2344"]
[Result "0-1"]
[Round "08"]
[TimeControl "180+1"]
[Date "2022.10.12"]
[WhiteClock "0:00:05"]
[BlackClock "0:00:38"]

1. e4 e6 2. d4 d5 3. Nd2 Be7 4. Ngf3 Nf6 5. Ne5 dxe4 6. c3 Nbd7 7. Qc2 c5 8. Nxe4 cxd4 9. Nxf7 Kxf7 10. Ng5+ Kg8 11. Nxe6 Qb6 12. Nxd4 Ne5 13. Be3 Be6 14. Nxe6 Qxe6 15. Qb3 Kf7 16. f4 Qxb3 17. axb3 Nc6 18. Bc4+ Kg6 19. Bd3+ Kf7 20. Bc4+ Kg6 21. b4 a6 22. Bd3+ Kf7 23. Bc4+ Kg6 24. O-O h6 25. Bd3+ Kf7 26. Bc4+ Kg6 27. Kf2 Rhd8 28. Kf3 Kh7 29. g4 Rf8 30. Bd3+ Kg8 31. h4 Rad8 32. Rad1 Nd5 33. Bc4 Ne5+ 34. Ke4 Nxc4 35. Bc5 Bxc5 36. Rxd5 Rxd5 37. Kxd5 Ne3+ 0-1


[Site "https://www.chess.com"]

[Event "Titled Tuesday Blitz October 11 Late 2022"]
[White "Leschinsky, Gary"]
[Black "Osmonbekov, Talaibek"]
[WhiteFideId "30951321"]
[BlackFideId "2017253"]
[WhiteElo "1855"]
[BlackElo "2135"]
[Result "0-1"]
[Round "08"]
[TimeControl "180+1"]
[Date "2022.10.12"]
[WhiteClock "0:01:02"]
[BlackClock "0:00:32"]

1. c4 e5 2. Nc3 d6 3. Nf3 f5 4. e3 Nf6 5. d4 e4 6. Ng5 c6 7. f3 d5 8. Nh3 Be6 9. Nf4 Bf7 10. Qb3 Qd7 11. h4 Bd6 12. Bd2 O-O 13. c5 Be7 14. Be2 Re8 15. O-O-O b6 16. cxb6 axb6 17. Qxb6 Na6 18. Bxa6 Reb8 19. Qa5 Bd8 20. Qa4 Rb6 21. g4 exf3 22. gxf5 Rbxa6 23. Qc2 Ne4 24. Nxe4 dxe4 25. a3 Qxf5 26. h5 Be7 27. Bc3 Rb8 28. Rdf1 Bg5 29. Rxf3 Bb3 30. Qb1 Bc4 31. Qc2 Bd3 32. Nxd3 Qxf3 33. Ne5 Qxh1+ 34. Kd2 Qg2+ 35. Kd1 Qxc2+ 36. Kxc2 Bxe3 0-1


[Site "https://www.chess.com"]

[Event "Titled Tuesday Blitz October 11 Late 2022"]
[White "Machidon, Cristi"]
[Black "Sohal, Tanraj"]
[WhiteFideId "13904590"]
[BlackFideId "2608499"]
[WhiteElo "2663"]
[BlackElo "2513"]
[Result "0-1"]
[Round "08"]
[TimeControl "180+1"]
[Date "2022.10.12"]
[WhiteClock "0:01:42"]
[BlackClock "0:01:17"]

1. d4 d5 2. c4 e6 3. Nc3 Nf6 4. cxd5 exd5 5. Bg5 Be7 6. e3 O-O 7. Qc2 c6 8. Bd3 g6 9. Nf3 Re8 10. O-O Nbd7 11. Rab1 a5 12. a3 Nf8 13. Ne5 N6d7 14. Bxe7 Qxe7 15. Nf3 Ne6 16. Rfc1 Nf6 17. Na4 Ng7 18. Nb6 Ra7 19. b4 axb4 20. axb4 Bf5 21. b5 Bxd3 22. Qxd3 Ra3 23. Rb3 Rxb3 24. Qxb3 Nf5 25. bxc6 bxc6 26. Rxc6 Qa7 27. Rxf6 Qa1+ 0-1


[Site "https://www.chess.com"]